 Dungeon Crawl Stone Soup version 0.19.4-9-g45fd643 (webtiles) character file.

4798 empire the Slicer (level 10, -6/81 HPs)
             Began as a Red Draconian Monk on Feb 17, 2017.
             Was a Priest of Nemelex Xobeh.
             Mangled by an ice beast (13 damage)
             ... on level 9 of the Dungeon.
             The game lasted 00:22:29 (8929 turns).

empire the Slicer (Red Draconian Monk)              Turns: 8929, Time: 00:22:30

Health: -6/81      AC:  9    Str: 13    XL:     10   Next: 24%
Magic:  11/14      EV: 21    Int: 16    God:    Nemelex Xobeh [***...]
Gold:   79         SH:  0    Dex: 17    Spells: 1 memorised, 7 levels left

rFire  + . .     SeeInvis .     a - +0 rapier (freeze)
rCold  . . .     Gourm    .     (armour unavailable)
rNeg   . . .     Faith    .     (no shield)
rPois  +         Spirit   .     (helmet restricted)
rElec  +         Reflect  .     (no cloak)
rCorr  .         Harm     .     (no gloves)
MR     .....                    M - +1 pair of boots
Stlth  ++........               A - amulet of regeneration
                                q - +4 ring of evasion
                                C - ring of poison resistance

@: brilliant, exhausted, short of breath, vulnerable, slowed, very slow
A: breathe fire, unfitting armour, stinger 1, fire resistance 1, magic
resistance 1, electricity resistance, no device heal 1, cold-blooded, AC +7
a: Breathe Fire, Triple Draw, Renounce Religion


You were on level 9 of the Dungeon.
You worshipped Nemelex Xobeh.
Nemelex Xobeh was most pleased with you.
You were near starving.

You visited 2 branches of the dungeon, and saw 10 of its levels.

You collected 385 gold pieces.
You spent 306 gold pieces at shops.

Inventory:

Hand Weapons
 a - a +0 rapier of freezing (weapon)
 L - the +4 falchion of Foolhardiness {slice, *Noise +Inv rC+ Dex+4, unknown}
   (You found it on level 6 of the Dungeon)

   It inflicts extra damage upon your enemies.
   It affects your dexterity (+4).
   It protects you from cold.
   It lets you turn invisible.
   It may make noises in combat.
 N - a +3 hand axe
Armour
 M - a +1 pair of boots (worn)
Jewellery
 j - an uncursed ring of protection from magic
 p - an uncursed ring of protection from fire
 q - a +4 ring of evasion (right hand)
 r - an uncursed amulet of faith
 s - an uncursed ring of resist corrosion
 u - an uncursed amulet of harm {unknown}
 y - an uncursed ring of wizardry
 A - an amulet of regeneration (around neck)
 C - a ring of poison resistance (left hand)
 F - a cursed ring of teleportation {unknown}
Wands
 D - a wand of lightning (10/15)
 J - a wand of confusion (12/48)
 K - a wand of iceblast (10/15)
Scrolls
 e - a scroll of immolation
 G - a scroll of remove curse
 O - 2 scrolls of identify
Potions
 m - 2 potions of lignification
 n - a potion of invisibility
 o - 6 potions of curing
 v - a potion of berserk rage
 w - a potion of magic {unknown}
 z - 3 potions of might
 B - 2 potions of ambrosia
 E - a potion of agility
 H - a potion of mutation
 I - a potion of brilliance
Miscellaneous
 k - a plain deck of destruction {drawn: 1}
 x - a plain deck of escape
 P - a plain deck of escape
Comestibles
 b - 7 bread rations
 c - 3 royal jellies
 d - 2 meat rations
 g - 4 beef jerkies
 i - 9 slices of pizza
 t - 4 fruits


   Skills:
 - Level 5.1 Fighting
 + Level 8.6 Short Blades
 + Level 7.6 Dodging
 - Level 1.7 Stealth
 + Level 5.9 Summonings
 + Level 5.0 Invocations
 + Level 5.5 Evocations


You had 7 spell levels left.
You knew the following spells:

 Your Spells              Type           Power        Failure   Level  Hunger
a - Call Imp              Summ           ####....     1%          2    ###....


Dungeon Overview and Level Annotations

Branches:
Dungeon (9/15)             Temple (1/1) D:6            Lair (0/6) D:9
    Orc: D:9-12

Altars:
Ashenzari
Cheibriados
Dithmenos
Elyvilon
Fedhas
Gozag
Hepliaklqana
Kikubaaqudgha
Makhleb
Nemelex Xobeh
Okawaru
Qazlal
Ru
Sif Muna
Trog
Uskayaw
Vehumet
Xom
Yredelemnul
Zin
The Shining One

Shops:
D:5 !   D:7 [   D:8 [(*:


Innate Abilities, Weirdness & Mutations

You can breathe blasts of fire.
Your fiery red scales are hard. (AC +7)
You cannot fit into any form of body armour.
Your flesh is heat resistant. (rF+)
You are cold-blooded and may be slowed by cold attacks.
Your tail ends in a poisonous barb.
You are resistant to hostile enchantments. (MR+)
You are resistant to electric shocks. (rElec)
Potions and wands are less effective at restoring your health.


Message History

You hit the killer bee. You freeze the killer bee.
Your tail-slap misses the killer bee.
The killer bee is heavily wounded.
The killer bee barely misses you. x2; The ice beast barely misses you.
You hit the killer bee. You freeze the killer bee.
The killer bee is almost dead.
The killer bee stings you.
* * * LOW HITPOINT WARNING * * *
The killer bee barely misses you. The ice beast completely misses you.
The killer bee stings you!
* * * LOW HITPOINT WARNING * * *
As you read the scroll labeled ISUAST CEYSSIG, it crumbles to dust.
Magic quickly surges around you.
It was a scroll of vulnerability.
The killer bee stings you.
* * * LOW HITPOINT WARNING * * *
The ice beast hits you.
* * * LOW HITPOINT WARNING * * *
The ice beast freezes you!
You die...
Your body disappears without a glow.

###########
##.##.........#
.......<...# .#
...##.###Y###.#
# #@#...#
#y#.#.#
###Y)...###
#.))).....#
#...ยง.....$.
..y..P.........
.#.......>.....
##............
##...........


You could see 2 ice beasts and a killer bee.

Vanquished Creatures
  A manticore (D:9)
  2 hogs (D:8)
  3 wargs (D:9)
  A water moccasin (D:7)
  An ice beast (D:7)
  3 sky beasts
  3 necrophages
  An ogre (D:6)
  A centaur (D:6)
  A wyvern zombie (D:7)
  5 bullfrogs
  4 killer bees (D:9)
  5 howler monkeys
  2 crimson imps
  A centaur zombie (D:8)
  A bullfrog zombie (D:6)
  A jelly (D:9)
  5 hounds
  A bullfrog skeleton (D:4)
  9 orc priests
  A centaur skeleton (D:5)
  8 orc wizards
  An iguana (D:4)
  6 worker ants
  2 hound skeletons
  14 gnolls
  14 adders
  5 river rats (D:8)
  A shadow imp (D:8)
  An ooze (D:1)
  8 worms
  3 dart slugs
  7 leopard geckos
  28 orcs
  12 bats
  A bat zombie (D:4)
  7 giant cockroaches
  17 hobgoblins
  6 jackals
  4 quokkas
  7 frilled lizards
  5 goblins
  5 kobolds
  24 rats
  2 rat zombies (D:4)
240 creatures vanquished.

Vanquished Creatures (collateral kills)
  The ghost of Xiguana the Skirmisher, a novice DrCK of Xom (D:6)
  A hog (D:8)
  A human (D:8)
  A howler monkey (D:9)
4 creatures vanquished.

Vanquished Creatures (others)
  A hog (D:8)
  A ball lightning (D:8)
  An orc (D:9)
3 creatures vanquished.

Grand Total: 247 creatures vanquished

Notes
Turn   | Place    | Note
-------+----------+-------------------------------------------
     0 | D:1      | empire the Draconian Monk began the quest for the Orb.
     0 | D:1      | Reached XP level 1. HP: 19/19 MP: 1/1
   305 | D:1      | Reached XP level 2. HP: 23/26 MP: 2/2
   845 | D:1      | Reached XP level 3. HP: 32/33 MP: 3/3
  1434 | D:2      | Gained mutation: Your tail ends in a poisonous barb. [potion of beneficial mutation]
  1572 | D:2      | Found a stormy altar of Qazlal.
  1612 | D:2      | Reached XP level 4. HP: 8/40 MP: 4/4
  2233 | D:3      | Reached skill level 4 in Short Blades
  2494 | D:3      | Reached XP level 5. HP: 26/47 MP: 5/5
  3113 | D:3      | Reached XP level 6. HP: 36/55 MP: 6/6
  3360 | D:4      | Found an ancient bone altar of Kikubaaqudgha.
  3402 | D:4      | Reached skill level 5 in Fighting
  3584 | D:4      | Reached skill level 5 in Short Blades
  4091 | D:4      | Reached skill level 5 in Dodging
  4091 | D:4      | Your scales start taking on a fiery red colour.
  4091 | D:4      | Reached XP level 7. HP: 55/61 MP: 7/7
  4091 | D:4      | Gained mutation: Your flesh is heat resistant. (rF+) [Red Draconian growth]
  4303 | D:5      | Entered Level 5 of the Dungeon
  4886 | D:5      | Found a shattered altar of Ashenzari.
  4886 | D:5      | Found a faded altar of an unknown god.
  4909 | D:5      | Found a faded altar of an unknown god.
  4911 | D:5      | Found a faded altar of an unknown god.
  4912 | D:5      | Found a faded altar of an unknown god.
  5226 | D:5      | Learned a level 2 spell: Call Imp
  5306 | D:5      | Reached skill level 6 in Short Blades
  5584 | D:5      | Found Iliuphev's Distillery.
  5587 | D:5      | Bought a potion of invisibility for 96 gold pieces
  5587 | D:5      | Bought a potion of agility for 48 gold pieces
  5587 | D:5      | Bought a potion of mutation for 30 gold pieces
  5603 | D:5      | Bought a potion of curing for 36 gold pieces
  5728 | D:5      | Reached skill level 1 in Summonings
  5904 | D:6      | Found a staircase to the Ecumenical Temple.
  5981 | Temple   | Entered the Ecumenical Temple
  6172 | D:6      | You fall through a shaft!
  6248 | D:7      | Reached skill level 1 in Evocations
  6248 | D:7      | Reached XP level 8. HP: 66/68 MP: 8/8
  6295 | D:7      | Gained mutation: You are resistant to electric shocks. (rElec) [mutagenic meat]
  6296 | D:7      | Gained mutation: You are resistant to hostile enchantments. (MR+) [mutagenic meat]
  6297 | D:7      | Gained mutation: Potions and wands are less effective at restoring your health. [mutagenic meat]
  6300 | D:7      | Found a sparkling altar of Nemelex Xobeh.
  6311 | D:7      | Became a worshipper of Nemelex Xobeh the Trickster
  6311 | D:7      | Received a gift from Nemelex Xobeh
  6311 | D:7      | Reached * piety under Nemelex Xobeh
  6311 | D:7      | Received a gift from Nemelex Xobeh
  6311 | D:7      | Reached ** piety under Nemelex Xobeh
  6560 | D:6      | Noticed Xiguana's ghost (novice DrCK)
  6987 | D:6      | Received a gift from Nemelex Xobeh
  7044 | D:6      | Killed Xiguana's ghost
  7044 | D:6      | Reached skill level 7 in Short Blades
  7044 | D:6      | Reached skill level 1 in Invocations
  7206 | D:6      | Got a brightly glowing falchion
  7380 | D:7      | Reached XP level 9. HP: 68/74 MP: 11/11
  7387 | D:7      | Found Kazihatu's Antique Armour Boutique.
  7580 | D:7      | Found a bloodstained altar of Trog.
  7680 | D:5      | Bought a potion of curing for 36 gold pieces
  7680 | D:5      | Bought a potion of curing for 36 gold pieces
  7754 | D:8      | Found Evonwac's General Store.
  7823 | D:8      | Bought a scroll of identify for 24 gold pieces
  7991 | D:8      | Found Xidwipp's Antique Armour Shoppe.
  8128 | D:8      | Found Izeudyod's Weapon Shoppe.
  8207 | D:8      | Found Dafiase's Book Shop.
  8325 | D:8      | Reached skill level 8 in Short Blades
  8325 | D:8      | Reached skill level 5 in Summonings
  8817 | D:9      | Reached *** piety under Nemelex Xobeh
  8817 | D:9      | Received a gift from Nemelex Xobeh
  8820 | D:9      | Found a staircase to the Lair.
  8824 | D:9      | Noticed a manticore
  8849 | D:9      | Reached skill level 5 in Evocations
  8850 | D:9      | Killed a manticore
  8850 | D:9      | Reached XP level 10. HP: 59/81 MP: 13/13
  8870 | D:9      | Reached skill level 5 in Invocations
  8929 | D:9      | Mangled by an ice beast

Skill      XL: |  1  2  3  4  5  6  7  8  9 10 |
---------------+-------------------------------+-----
Fighting       | 4 5 |  5.1
Dodging        | 3 4 5 6 7 |  7.6
Short Blades   | 4 5 6 7 8 |  8.6
Summonings     | 2 4 5 |  5.9
Evocations     | 1 3 5 |  5.5
Invocations    | 2 4 5 |  5.0
Stealth        | |  1.7

Action                   |  1- 3 |  4- 6 |  7- 9 | 10-12 || total
-------------------------+-------+-------+-------+-------++-------
Melee: Short sword       |   169 |   319 |   157 |       ||   645
       Tailslap          |    22 |    33 |    88 |     4 ||   147
       Rapier            |       |       |   420 |    66 ||   486
 Cast: Call Imp          |       |       |       |     4 ||     4
 Abil: Breathe Fire      |       |       |    13 |     1 ||    14
Evoke: Deck              |       |       |     5 |       ||     5
  Use: Scroll            |     5 |     1 |     8 |     1 ||    15
       Potion            |     1 |     2 |     4 |     2 ||     9
 Stab: Sleeping          |     2 |     8 |     3 |       ||    13
       Distracted        |       |     1 |       |       ||     1
       Invisible         |       |       |     1 |     4 ||     5
  Eat: Chunk             |     2 |     9 |    21 |       ||    32
Armor: Skin              |    48 |    54 |    72 |    15 ||   189
Dodge: Dodged            |   136 |   270 |   539 |   115 ||  1060
